 Dungeon Crawl Stone Soup version 0.31-a0-435-g2c6fae2916 (webtiles) character file.

Game seed: 6280933040648621143

266 cforsyth the Charlatan (level 6, -13/47 HPs)
             Began as a Gnoll Artificer on Aug 1, 2023.
             Mangled by an ogre
             ... wielding a +0 giant spiked club
              (28 damage)
             ... on level 4 of the Dungeon.
             The game lasted 00:06:10 (3332 turns).

cforsyth the Charlatan (Gnoll Artificer)            Turns: 3332, Time: 00:06:11

Health: -13/47     AC: 14    Str: 11    XL:     6   Next: 20%
Magic:  8/8        EV: 10    Int: 12    God:
Gold:   169        SH:  0    Dex: 19    Spells: 8/8 levels left

rFire   . . .        t - +2 long sword (protect)
rCold   . . .        (no shield)
rNeg    . . .        h - +0 scale mail
rPois   .            (no helmet)
rElec   .            (no cloak)
rCorr   .            (no gloves)
SInv    .            (no boots)
Will    .....        y - amulet of the acrobat
Stlth   +            p - +6 ring of dexterity
HPRegen 0.27/turn    (no ring)
MPRegen 0.11/turn

%: acrobat
@: under a protective aura
A: fangs 1, strong nose, distributed training
a: no special abilities


You were on level 4 of the Dungeon.
You visited 1 branch of the dungeon, and saw 4 of its levels.

You collected 169 gold pieces.

Inventory:

Hand Weapons
 a - a +0 club
 j - a +6 club
 o - a +4 short sword
 t - a +2 long sword of protection (weapon)
Armour
 b - a +0 leather armour
 h - a +0 scale mail (worn)
 k - a +2 robe of fire resistance
Jewellery
 p - a +6 ring of dexterity (left hand)
 y - an amulet of the acrobat (around neck)
Wands
 c - a wand of flame (11) (quivered)
 d - a wand of charming (13)
 e - a wand of iceblast (3)
 m - a wand of roots (10)
 x - a wand of paralysis (11)
Scrolls
 f - 3 scrolls of identify {unknown}
 i - 2 scrolls of poison {unknown}
 n - 4 scrolls of teleportation {unknown}
 s - a scroll of enchant armour {unknown}
 v - a scroll of blinking {unknown}
Potions
 g - 4 potions of curing {unknown}
 l - 3 potions of enlightenment {unknown}
 q - a potion of attraction {unknown}
 r - a potion of haste {unknown}
 u - a potion of cancellation {unknown}
 w - a potion of berserk rage {unknown}


   Skills:
 + Level 3.2 Fighting
 + Level 1.9 Short Blades
 + Level 1.9 Long Blades
 + Level 1.9 Axes
 + Level 1.9 Maces & Flails
 + Level 1.9 Polearms
 + Level 1.9 Staves
 + Level 1.9 Ranged Weapons
 + Level 1.9 Throwing
 + Level 4.9 Armour
 + Level 3.2 Dodging
 + Level 3.0 Stealth
 + Level 1.9 Shields
 + Level 1.9 Unarmed Combat
 + Level 1.9 Spellcasting
 + Level 1.5 Conjurations
 + Level 1.5 Hexes
 + Level 1.5 Summonings
 + Level 1.5 Necromancy
 + Level 1.5 Translocations
 + Level 1.5 Transmutations
 + Level 1.5 Fire Magic
 + Level 1.5 Ice Magic
 + Level 1.5 Air Magic
 + Level 1.5 Earth Magic
 + Level 1.5 Poison Magic
 + Level 2.1 Invocations
 + Level 6.8 Evocations
 + Level 1.5 Shapeshifting


You had 8 spell levels left.
You didn't know any spells.
Your spell library contained the following spells:

 Spells                   Type           Power      Damage    Failure   Level
 Blink                    Tloc           8%         N/A       75%         2
 Manifold Assault         Tloc           4%         N/A       100%        4


Dungeon Overview and Level Annotations

Branches:
Dungeon (4/15)
 Temple: D:4-7

Altars:


Innate Abilities, Weirdness & Mutations

You have very sharp teeth.
Your uncanny sense of smell can sniff out nearby items.
Your experience applies equally to all skills.


Message History

The ogre shouts!
There is an open door here.
The ufetubus misses you. x2
You hit the ufetubus.
Your weapon exudes an aura of protection.
The ufetubus is moderately wounded.
The ufetubus barely misses you. The ufetubus hits you.
The ufetubus barely misses you. The ufetubus hits you.
You hit the ufetubus.
You kill the ufetubus!
The ogre hits you with a +0 giant spiked club!!
Ouch! That really hurt!
You are too injured to fight recklessly!
You are too injured to fight recklessly!
You are too injured to fight recklessly!
You are too injured to fight recklessly!
You are too injured to fight recklessly!
You are too injured to fight recklessly!
You are too injured to fight recklessly!
You are too injured to fight recklessly!
You are too injured to fight recklessly!
You hit the ogre but do no damage. Your bite misses the ogre.
The ogre barely misses you.
You hit the ogre.
The ogre is lightly wounded.
The ogre closely misses you.
You slash the ogre!
The ogre is heavily wounded.
The ogre hits you with a +0 giant spiked club.
You slash the ogre!
The ogre is severely wounded.
You hit the ogre.
The ogre is severely wounded.
The ogre hits you with a +0 giant spiked club.
* * * LOW HITPOINT WARNING * * *
You hit the ogre.
The ogre is almost dead.
The ogre hits you with a +0 giant spiked club!!
Ouch! That really hurt!
You die...

.............#.................##
.............#.................#
.............#.#...............#
.............#.###.............#
##########...#.............#...#
# ##..#.####........#...##
##.#.#..'..............
####.##........##..##
#@##........#...#
#O##........#..###
#...#####..#.#..... #....#
...#....... #....# .#.....##
#..... #.....'. #...... #.....##
######.# #.....# ######.....##


You could see an ogre.

Vanquished Creatures
  A gnoll bouda (D:3)
  Jessica (D:2)
  8 gnolls
  5 adders
  An ufetubus (D:4)
  A worm (D:2)
  3 dart slugs
  5 orcs
  7 ball pythons
  9 endoplasms
  5 giant cockroaches
  5 goblins
  5 hobgoblins
  3 jackals (D:1)
  3 kobolds
  2 quokkas
  5 bats
  A frilled lizard (D:1)
  6 rats
76 creatures vanquished.

Vanquished Creatures (others)
  A gnoll (D:3)
1 creature vanquished.

Grand Total: 77 creatures vanquished

Notes
Turn   | Place    | Note
-------+----------+-------------------------------------------
     0 | D:1      | cforsyth the Gnoll Artificer began the quest for the Orb.
     0 | D:1      | Reached XP level 1. HP: 17/17 MP: 1/1
   107 | D:1      | Reached XP level 2. HP: 23/23 MP: 2/2
   492 | D:1      | Reached XP level 3. HP: 26/28 MP: 3/3
  1199 | D:2      | Noticed Jessica
  1203 | D:2      | Killed Jessica
  1204 | D:2      | Reached skill level 1 in Short Blades
  1204 | D:2      | Reached skill level 1 in Long Blades
  1204 | D:2      | Reached skill level 1 in Axes
  1204 | D:2      | Reached skill level 1 in Maces & Flails
  1204 | D:2      | Reached skill level 1 in Polearms
  1204 | D:2      | Reached skill level 1 in Staves
  1204 | D:2      | Reached skill level 1 in Ranged Weapons
  1204 | D:2      | Reached skill level 1 in Throwing
  1204 | D:2      | Reached skill level 1 in Shields
  1204 | D:2      | Reached skill level 1 in Unarmed Combat
  1204 | D:2      | Reached skill level 1 in Spellcasting
  1204 | D:2      | Reached skill level 1 in Invocations
  1204 | D:2      | Reached XP level 4. HP: 28/34 MP: 5/5
  1546 | D:2      | Reached skill level 1 in Conjurations
  1546 | D:2      | Reached skill level 1 in Hexes
  1546 | D:2      | Reached skill level 1 in Summonings
  1546 | D:2      | Reached skill level 1 in Necromancy
  1546 | D:2      | Reached skill level 1 in Translocations
  1546 | D:2      | Reached skill level 1 in Transmutations
  1546 | D:2      | Reached skill level 1 in Fire Magic
  1546 | D:2      | Reached skill level 1 in Ice Magic
  1546 | D:2      | Reached skill level 1 in Air Magic
  1546 | D:2      | Reached skill level 1 in Earth Magic
  1546 | D:2      | Reached skill level 1 in Poison Magic
  1546 | D:2      | Reached skill level 1 in Shapeshifting
  2175 | D:3      | Reached XP level 5. HP: 40/40 MP: 5/7
  2598 | D:2      | Reached XP level 6. HP: 11/47 MP: 8/8
  2976 | D:3      | Found a faded altar of an unknown god.
  3332 | D:4      | Mangled by an ogre

Illustrated notes

Levels and vault maps discovered:
D:1:      minmay_arrival_open_corners, layout_loops_corners
D:2:      layout_rooms, serial_aquarium, aquarium_bridge_straight
          [aquarium_subvault_bridge, aquarium_subvault_window,
          aquarium_subvault_bridge, aquarium_subvault_wall],
          aquarium_bridge_island_small [aquarium_subvault_small_open,
          aquarium_subvault_bridge, aquarium_subvault_window,
          aquarium_subvault_window, aquarium_subvault_wall], aquarium_window_2,
          aquarium_window_double, aquarium_window_fake,
          aquarium_window_corridor_1, aquarium_view_2c, aquarium_view_2c,
          minivault_14, minmay_crystal_water, uniq_jessica
D:3:      layout_basic, basic_ecumenical_altar, grunt_ministairs_1
D:4:      layout_basic, kennysheep_big_empty_room, chequers_mini_garden

Skill      XL: |  1  2  3  4  5 |
---------------+----------------+-----
Short Blades   | 1 |  1.9
Long Blades    | 1 |  1.9
Axes           | 1 |  1.9
Maces & Flails | 1 |  1.9
Polearms       | 1 |  1.9
Staves         | 1 |  1.9
Ranged Weapons | 1 |  1.9
Throwing       | 1 |  1.9
Shields        | 1 |  1.9
Unarmed Combat | 1 |  1.9
Spellcasting   | 1 |  1.9
Invocations    | 1 2 |  2.1
Conjurations   | 1 |  1.5
Hexes          | 1 |  1.5
Summonings     | 1 |  1.5
Necromancy     | 1 |  1.5
Translocations | 1 |  1.5
Transmutations | 1 |  1.5
Fire Magic     | 1 |  1.5
Ice Magic      | 1 |  1.5
Air Magic      | 1 |  1.5
Earth Magic    | 1 |  1.5
Poison Magic   | 1 |  1.5
Shapeshifting  | 1 |  1.5
Fighting       | 3 |  3.2
Dodging        | 3 |  3.2
Stealth        | 3 |  3.0
Armour         | |  4.9
Evocations     | |  6.8

Action                     |  1- 3 |  4- 6 || total
---------------------------+-------+-------++-------
  Melee: Club              |   105 |    50 ||   155
         Bite              |    15 |    13 ||    28
         Punch             |     1 |     5 ||     6
         Short sword       |       |    71 ||    71
         Long sword        |       |    32 ||    32
  Evoke: Wand              |     4 |     6 ||    10
   Stab: Sleeping          |     1 |       ||     1
 Armour: Leather armour    |    34 |       ||    34
         Scale mail        |     2 |    80 ||    82
  Dodge: Dodged            |    79 |    79 ||   158

Table legend: (Time is in decaauts)
 A = Elapsed time spent in this place.
 B = Non-inter-level travel time spent in this place.
 C = Inter-level travel time spent in this place.
 D = Time resting spent in this place.
 E = Time spent auto-exploring this place.
 F = Levels seen in this place.
 G = Mean time per level.
                   A        B        C        D        E       F      G
               +--------+--------+--------+--------+--------+-----+--------+
         Total |   3379 |   3191 |    188 |    154 |   2341 |   4 |  844.8 |
       Dungeon |   3379 |   3191 |    188 |    154 |   2341 |   4 |  844.8 |
               +--------+--------+--------+--------+--------+-----+--------+

Top non-repeatable levels by time:
     D:1: 1227 daAuts
     D:2: 1130 daAuts
     D:3: 736 daAuts
     D:4: 284 daAuts
